 Dungeon Crawl Stone Soup version 0.26-a0-1021-gda264ca44c (webtiles) character file.

Game seed: 16686630800772538974

12747 jiml777 the Thaumaturge (level 11, 0/54 HPs)
             Began as a Deep Elf Air Elementalist on Dec 8, 2020.
             Was an Elder of Sif Muna.
             Slain by a wolf (7 damage)
             ... on level 1 of the Lair of Beasts on Dec 9, 2020.
             The game lasted 01:49:55 (14376 turns).

jiml777 the Thaumaturge (DEAE)                     Turns: 14376, Time: 01:49:56

Health: 0/54       AC: 11    Str:  5    XL:     11   Next: 66%
Magic:  4/29       EV: 17    Int: 26    God:    Sif Muna [****..]
Gold:   393        SH:  7    Dex: 15    Spells: 6/35 levels left

rFire    . . .     SeeInvis .   S - +2 long sword "Hellblazer" {flame, Int+2}
rCold    . . .     Faith    .   y - +1 buckler
rNeg     . . .     Spirit   .   n - +0 robe
rPois    .         Reflect  .   p - +0 helmet
rElec    .         Harm     .   (no cloak)
rCorr    .         Rampage  .   e - +2 pair of gloves
Will     +....                  T - +0 pair of boots {Stlth+}
Stlth    +++.......             h - amulet of magic regeneration
HPRegen  0.18/turn              z - +4 ring of evasion
MPRegen  0.46/turn              u - +4 ring of protection

@: no status effects
A: no striking features
a: Channel Magic, Forget Spell, Divine Exegesis, Renounce Religion


You were on level 1 of the Lair of Beasts.
You worshipped Sif Muna.
Sif Muna was greatly pleased with you.
You visited 3 branches of the dungeon, and saw 13 of its levels.
You also visited: Sewer.

You collected 2006 gold pieces.
You spent 1613 gold pieces at shops.

Inventory:

Hand Weapons
 m - a +0 dagger
 x - a +2 dagger of draining
 S - the +2 long sword "Hellblazer" (weapon) {flame, Int+2}
   (You bought it in a shop on level 11 of the Dungeon)

   It has been specially enchanted to burn those struck by it, causing extra
   injury to most foes and up to half again as much damage against particularly
   susceptible opponents.
   Big, fiery blades are also staple armaments of hydra-hunters.
   It affects your intelligence (+2).
Missiles
 d - 7 silver boomerangs
 f - 4 silver javelins
 i - 314 arrows
 J - 16 poisoned darts
 O - 6 datura-tipped darts
Armour
 e - a +2 pair of gloves (worn)
 n - a +0 robe (worn)
 p - a +0 helmet (worn)
 y - a +1 buckler (worn)
 H - a +1 pair of boots
 T - a +0 pair of boots of stealth (worn)
Magical Staves
 U - an uncursed staff of cold
Jewellery
 h - an amulet of magic regeneration (around neck)
 o - an uncursed ring of positive energy
 u - a +4 ring of protection (right hand)
 z - a +4 ring of evasion (left hand)
 B - an uncursed ring of resist corrosion
 C - an uncursed ring of see invisible
 G - an uncursed ring of positive energy
Wands
 E - a wand of random effects (37)
 M - a wand of polymorph (9)
 N - a wand of flame (13)
 P - a wand of iceblast (6)
 Q - a wand of acid (6)
Scrolls
 j - 5 scrolls of remove curse
 l - a scroll of magic mapping {unknown}
 q - a scroll of noise {unknown}
 t - a scroll of vulnerability {unknown}
 v - 5 scrolls of teleportation
 w - a scroll of fog
 A - a scroll of fear
 K - a scroll of holy word
 R - 4 scrolls of identify
Potions
 a - a potion of berserk rage
 b - 3 potions of might
 c - 4 potions of haste
 g - 2 potions of brilliance
 k - 3 potions of curing
 r - 4 potions of lignification
 s - a potion of heal wounds
 F - a potion of invisibility
 I - a potion of mutation
 L - 4 potions of cancellation
Miscellaneous
 D - a box of beasts


   Skills:
 - Level 0.1 Fighting
 - Level 1.0 Short Blades
 - Level 3.0 Dodging
 - Level 3.3 Stealth
 - Level 6.1 Shields
 + Level 12.5 Spellcasting
 * Level 6.1 Conjurations
 * Level 5.0 Translocations
 + Level 9.8 Air Magic
 * Level 5.8 Invocations
 * Level 5.9 Evocations


You had 6 spell levels left.
You knew the following spells:

 Your Spells              Type           Power        Failure   Level
a - Shock                 Conj/Air       ####         1%          1
b - Swiftness             Air            ######..     1%          2
c - Static Discharge      Conj/Air       ######..     1%          3
d - Airstrike             Air            ######....   1%          4
e - Lightning Bolt        Conj/Air       ######....   3%          5
f - Blink                 Tloc           N/A          1%          2
g - Iskenderun's Battles  Conj           #####...     8%          5
h - Orb of Destruction    Conj           #####.....   94%         7

Your spell library contained the following spells:

 Spells                   Type           Power        Failure   Level
 Magic Dart               Conj           ####         1%          1
 Mephitic Cloud           Conj/Pois/Air  #####...     1%          3
 Freeze                   Ice            ###.         3%          1
 Sandblast                Erth           ###...       3%          1
 Conjure Flame            Conj/Fire      ####....     3%          3
 Stone Arrow              Conj/Erth      ####..       3%          3
 Call Imp                 Summ           ###.....     5%          2
 Passwall                 Tmut/Erth      ###.....     5%          2
 Slow                     Hex            ###.....     5%          2
 Hailstorm                Conj/Ice       ####....     10%         4
 Frozen Ramparts          Ice            ###...       11%         3
 Ozocubu's Armour         Ice            ###.....     11%         3
 Petrify                  Tmut/Erth      ###.....     34%         4
 Summon Ice Beast         Ice/Summ       ###.....     34%         4
 Bolt of Magma            Conj/Fire/Erth ####......   38%         5
 Lee's Rapid Deconstruct  Erth           ###.......   69%         5
 Iron Shot                Conj/Erth      ####......   83%         6
 Spellforged Servitor     Conj/Summ      ####......   100%        7


Dungeon Overview and Level Annotations

Branches:
Dungeon (11/15)            Temple (1/1) D:4            Lair (1/6) D:11
    Orc (0/2) D:10          Sewer (visited)

Altars:
Ashenzari
Cheibriados
Dithmenos
Elyvilon
Fedhas
Gozag
Hepliaklqana
Kikubaaqudgha
Makhleb
Nemelex Xobeh
Okawaru
Qazlal
Ru
Sif Muna
Trog
Uskayaw
Vehumet
Wu Jian
Xom
Yredelemnul
Zin
The Shining One

Shops:
D:4 **(!*   D:7 (   D:9 !   D:11 (*(*

Portals:
Trove: D:11 (give 18 potions of curing)

Annotations:
D:8 2 transporters, pablito's ghost, novice OpTm


Message History

You block the wolf's attack. The wolf barely misses you.
You block the wolf's attack. The wolf bites you. The wolf bites you!
* * * LOW HITPOINT WARNING * * *
Casting: Airstrike (dangerous; 1% risk of failure)
Confirm with . or Enter, or press ? or * to list all spells.
Aiming: Airstrike (dangerous; 1% risk of failure)
Press: ? - help, Dir - move target, f - wolf
Aim: a wolf (severely wounded)
The air twists around and strikes the wolf!
You kill the wolf!
Sif Muna accepts your kill. You block the wolf's attack.
Your Translocations skill increases to level 5!
The wolf bites you!
* * * LOW HITPOINT WARNING * * *
The wolf bites you but does no damage. You block the wolf's attack.
You block the wolf's attack. The wolf bites you!
You die...

...............(.
..................
........#####..#.#
.#.###...........#
). #††.........+
......†.#........#
........#...!....#
.....#..#..h.....#.
.....#.....@.....P.
.....#..........PP.
[.. #..#........#.
##. #..##+###..#..
.... ..... ....
.... ... ... ...


You could see a wolf.

Vanquished Creatures
  A boulder beetle (D:11)
  A hydra (D:11)
  A two-headed ogre (D:8)
  2 tengu warriors
  An unseen horror (D:10)
  2 ugly things
  A cane toad (Lair:1)
  A kobold demonologist (D:3)
  A troll (D:11)
  Prince Ribbit (D:5)
  A wraith (D:10)
  4 yaks (D:9)
  A steam dragon (D:11)
  A warg (D:10)
  A soldier ant (D:11)
  9 orc warriors
  Purgy (Sewer)
  2 sky beasts
  2 ice beasts
  2 black bears (D:10)
  A phantom (D:9)
  4 ogres
  5 wolves (Lair:1)
  5 centaurs
  9 bullfrogs
  A water moccasin zombie (D:8)
  2 scorpions
  6 killer bees (D:8)
  11 wights
  A bullfrog zombie (D:8)
  A howler monkey (D:10)
  3 hounds
  3 jellies
  14 orc priests
  25 orc wizards
  4 bullfrog skeletons
  A gnoll shaman (D:8)
  An iguana (D:9)
  2 worker ants
  A hound zombie (D:6)
  2 hound skeletons
  A howler monkey zombie (D:9)
  10 gnolls
  14 adders
  4 shadow imps
  2 white imps (D:10)
  2 ufetubi
  An adder zombie (D:8)
  3 adder skeletons
  5 worms
  A dart slug (D:3)
  6 leopard geckos
  64 orcs
  2 giant cockroaches
  6 hobgoblins
  4 jackals (D:7)
  6 kobolds
  3 quokkas
  11 bats
  3 frilled lizards
  8 goblins
  2 jackal zombies
  A quokka skeleton (D:9)
  A quokka zombie (D:8)
  9 rats
307 creatures vanquished.

Vanquished Creatures (others)
  10 plants
10 creatures vanquished.

Grand Total: 317 creatures vanquished

Notes
Turn   | Place    | Note
-------+----------+-------------------------------------------
     0 | D:1      | jiml777 the Deep Elf Air Elementalist began the quest for
                  | the Orb.
     0 | D:1      | Reached XP level 1. HP: 10/10 MP: 6/6
   217 | D:1      | Reached XP level 2. HP: 11/15 MP: 1/8
  1397 | D:2      | Reached XP level 3. HP: 19/19 MP: 3/10
  1603 | D:2      | Reached skill level 4 in Spellcasting
  1937 | D:3      | Found a hide-covered altar of Uskayaw.
  1959 | D:3      | Reached XP level 4. HP: 24/24 MP: 8/12
  2227 | D:3      | Found a transporter.
  2234 | D:3      | Noticed a kobold demonologist
  2241 | D:3      | Learned a level 2 spell: Swiftness
  2245 | D:3      | Learned a level 3 spell: Static Discharge
  2250 | D:3      | Learned a level 4 spell: Airstrike
  2258 | D:3      | Found a transporter.
  2692 | D:4      | Found Fiseorub's Assorted Antiques.
  2794 | D:4      | Found Niwugeith's Weapon Boutique.
  2799 | D:4      | Found Unebourphekh's Assorted Antiques.
  2805 | D:4      | Bought a scroll labelled LEGASHROLUTU for 28 gold pieces
  2805 | D:4      | Bought a scroll labelled HEGETONOPN for 28 gold pieces
  2835 | D:4      | Reached XP level 5. HP: 6/28 MP: 1/13
  3087 | D:4      | Found a staircase to the Ecumenical Temple.
  3100 | Temple   | Entered the Ecumenical Temple
  3271 | Temple   | Became a worshipper of Sif Muna the Loreminder
  3333 | D:4      | Found Vyuseuf's Assorted Antiques.
  3445 | D:4      | Bought a scroll labelled MUXACU BURYR for 16 gold pieces
  3445 | D:4      | Bought a scroll labelled JAM ITWAOMUR for 16 gold pieces
  3458 | D:4      | Reached skill level 5 in Spellcasting
  3502 | D:4      | Found Joitayph's Distillery.
  4023 | D:5      | Entered Level 5 of the Dungeon
  4037 | D:5      | Noticed Prince Ribbit
  4044 | D:5      | Reached skill level 5 in Air Magic
  4044 | D:5      | Reached XP level 6. HP: 26/32 MP: 2/15
  4152 | D:5      | Killed Prince Ribbit
  4153 | D:5      | Reached skill level 6 in Spellcasting
  4427 | D:5      | Found an ornate altar of the Wu Jian Council.
  4513 | D:5      | Reached XP level 7. HP: 24/36 MP: 9/18
  4675 | D:5      | Found a sparkling altar of Nemelex Xobeh.
  4995 | D:6      | Reached skill level 7 in Spellcasting
  5152 | D:6      | Found a glowing drain.
  5161 | Sewer    | Entered a sewer
  5195 | Sewer    | Noticed Purgy
  5207 | Sewer    | Killed Purgy
  5325 | D:6      | Reached skill level 1 in Short Blades
  5419 | D:6      | Reached * piety under Sif Muna
  5420 | D:6      | Reached skill level 1 in Evocations
  5422 | D:6      | Reached skill level 1 in Invocations
  5435 | D:6      | Reached XP level 8. HP: 41/41 MP: 1/21
  5510 | D:6      | Reached skill level 8 in Spellcasting
  6143 | D:6      | Found an ancient bone altar of Kikubaaqudgha.
  6255 | D:4      | Bought a potion of mutation for 112 gold pieces
  6398 | D:7      | Reached skill level 9 in Spellcasting
  6572 | D:7      | Found Jivoodgh's Antique Weapon Emporium.
  6703 | D:7      | Bought a masterwork hand axe for 184 gold pieces
  6703 | D:7      | Identified the +7 hand axe of Fee Simple {freeze, Fragile
                  | rPois Stlth+} (You bought it in a shop on level 7 of the
                  | Dungeon)
  6960 | D:7      | Reached skill level 1 in Shields
  7584 | D:7      | Learned a level 5 spell: Lightning Bolt
  8174 | D:8      | Reached XP level 9. HP: 45/45 MP: 12/24
  8205 | D:8      | Found a transporter.
  8209 | D:8      | Noticed pablito's ghost (novice OpTm)
  8210 | D:8      | Noticed a two-headed ogre
  8228 | D:8      | Killed a two-headed ogre
  8232 | D:8      | Reached skill level 5 in Shields
  8432 | D:8      | Found a transporter.
  8638 | D:8      | Reached ** piety under Sif Muna
  8699 | D:8      | Learned a level 2 spell: Blink
  8882 | D:8      | Reached skill level 1 in Translocations
  9028 | D:8      | Learned a level 5 spell: Iskenderun's Battlesphere
  9140 | D:8      | Noticed a moth of wrath
  9143 | D:8      | Found a bloodstained altar of Trog.
  9491 | D:3      | Killed a kobold demonologist
  9492 | D:3      | Reached skill level 10 in Spellcasting
  9493 | D:3      | Reached XP level 10. HP: 38/50 MP: 6/26
  9725 | D:7      | Bought an ichor-stained flail for 195 gold pieces
  9726 | D:7      | Identified the +4 flail of Golifoil {vamp, *Rage rF+ MP+9
                  | Dex+7} (You bought it in a shop on level 7 of the Dungeon)
 10346 | D:9      | Found Tuorurpha's Distillery.
 10363 | D:9      | Got a fine ring mail
 10373 | D:9      | Identified the +7 ring mail of the Dice {Rampage *Slow
                  | rElec Will-} (You found it on level 9 of the Dungeon)
 10462 | D:9      | Reached *** piety under Sif Muna
 10638 | D:9      | Found a burning altar of Makhleb.
 10638 | D:9      | Noticed an Executioner
 10816 | D:9      | Found a radiant altar of Vehumet.
 10817 | D:9      | Found a glowing golden altar of the Shining One.
 10980 | D:9      | Found a glowing silver altar of Zin.
 10982 | D:9      | Found a broken altar of Ashenzari.
 10982 | D:9      | Found a blossoming altar of Fedhas.
 10982 | D:9      | Found an iron altar of Okawaru.
 10985 | D:9      | Found a hazy altar of Hepliaklqana.
 11022 | D:10     | Entered Level 10 of the Dungeon
 11354 | D:10     | Reached skill level 11 in Spellcasting
 11550 | D:10     | Found a staircase to the Orcish Mines.
 11845 | D:10     | Killed an unseen horror
 11863 | D:10     | Reached skill level 5 in Conjurations
 11947 | D:10     | Learned a level 7 spell: Orb of Destruction
 12152 | D:10     | Found a radiant altar of Vehumet.
 12609 | D:11     | Found Uzxool's Weapon Shop.
 12609 | D:11     | Noticed a boulder beetle
 12658 | D:11     | Killed a boulder beetle
 12659 | D:11     | Reached skill level 5 in Invocations
 12659 | D:11     | Reached skill level 5 in Evocations
 12659 | D:11     | Reached XP level 11. HP: 54/54 MP: 14/28
 12673 | D:11     | Noticed a cyan ugly thing
 12680 | D:10     | Killed a cyan ugly thing
 12846 | D:11     | Reached **** piety under Sif Muna
 12853 | D:11     | Noticed a tengu warrior
 13047 | D:11     | Noticed a tengu warrior
 13052 | D:10     | Killed a tengu warrior
 13111 | D:11     | Killed a tengu warrior
 13112 | D:11     | Reached skill level 12 in Spellcasting
 13273 | D:11     | Found a portal to a secret trove of treasure.
 13274 | D:11     | Found Ostrad's Assorted Antiques.
 13309 | D:11     | Bought a scroll of identify for 66 gold pieces
 13329 | D:11     | Identified a scroll of acquirement
 13330 | D:11     | Acquired 1124 gold pieces
 13349 | D:11     | Bought an ancient spear for 264 gold pieces
 13349 | D:11     | Identified the +3 spear "Wese" {holy, *Rage Will+ Dex+4}
                  | (You bought it in a shop on level 11 of the Dungeon)
 13461 | D:11     | Found Acourhir's Weapon Emporium.
 13461 | D:11     | Found a staircase to the Lair.
 13600 | D:11     | Noticed a white ugly thing
 13608 | D:11     | Killed a white ugly thing
 13918 | D:11     | Noticed a seven-headed hydra
 13924 | D:11     | Killed a seven-headed hydra
 13966 | D:11     | Found Zocate's Assorted Antiques.
 13969 | D:11     | Bought a scroll of identify for 64 gold pieces
 13969 | D:11     | Bought 2 scrolls of identify for 128 gold pieces
 13969 | D:11     | Bought a bone long sword for 272 gold pieces
 13969 | D:11     | Bought a pair of embroidered boots for 240 gold pieces
 13979 | D:11     | Identified the +2 long sword "Hellblazer" {flame, Int+2}
                  | (You bought it in a shop on level 11 of the Dungeon)
 14309 | Lair:1   | Entered Level 1 of the Lair of Beasts
 14372 | Lair:1   | Reached skill level 5 in Translocations
 14376 | Lair:1   | Slain by a wolf

Illustrated notes

Levels and vault maps discovered:
D:1:      dpeg_arrival_shrine, layout_basic
D:2:      layout_basic
D:3:      gammafunk_wand_slinger, layout_loops_ring, lemuel_doored_altar
D:4:      layout_basic, minmay_temple_entry_water_ring, serial_shops,
          nicolae_shop_overgrown_old_shop, shop, shop,
          nicolae_shop_competitors_out_of_business, shop
D:5:      layout_loops_ring, lemuel_crystal_altar, nemelex_spade_bored_becter,
          uniq_prince_ribbit1
D:6:      layout_cave_pools, kiku_gazebo_pond_becter, lightli_sewer_entry_pipes
D:7:      layout_layer_cave, serial_shops, shop
D:8:      layout_rooms, tgw_trog, gammafunk_ghost_stat_death
D:9:      layout_small_grid, makhleb_altar_promises_db, minitemple,
          serial_shops, shop_fountains
D:10:     layout_loops_ring, erik_orc_3, basic_altar
D:11:     layout_roguey, lair_entry_dummy, serial_shops, kennysheep_mini, shop,
          shop, nicolae_shop_overgrown_old_shop, enter_trove_0
Temple:   dpeg_chambers_temple
Lair:1:   layout_regular_city, minmay_holes

Skill      XL: |  1  2  3  4  5  6  7  8  9 10 11 |
---------------+----------------------------------+-----
Spellcasting   | 4 5 6 7 9 10 11 12 | 12.5
Conjurations   | 2 3 5 6 |  6.1
Air Magic      | 4 5 6 7 9 |  9.8
Dodging        | 3 |  3.0
Stealth        | 3 |  3.3
Short Blades   | 1 |  1.0
Evocations     | 1 3 5 |  5.9
Invocations    | 1 2 3 5 |  5.8
Shields        | 2 6 |  6.1
Translocations | 1 3 5 |  5.0
Fighting       | |  0.1

Action                   |  1- 3 |  4- 6 |  7- 9 | 10-12 || total
-------------------------+-------+-------+-------+-------++-------
Melee: Dagger            |       |    12 |    26 |    33 ||    71
       Hand axe          |       |       |     5 |       ||     5
       Long sword        |       |       |       |     7 ||     7
 Cast: Shock             |    66 |    36 |    48 |    27 ||   177
       Airstrike         |       |    16 |   141 |   205 ||   362
       Static Discharge  |       |       |     4 |       ||     4
       Swiftness         |       |       |     2 |     1 ||     3
       Lightning Bolt    |       |       |       |    21 ||    21
  Use: Scroll            |     8 |     2 |    13 |     5 ||    28
       Potion            |       |     3 |     1 |     2 ||     6
Armor: Robe              |     2 |     9 |    13 |    27 ||    51
Dodge: Dodged            |     8 |    26 |    56 |    79 ||   169
Block: Buckler           |       |       |     4 |    39 ||    43
       Rpst.: Long sword |       |       |       |     8 ||     8

Table legend: (Time is in decaauts)
 A = Elapsed time spent in this place.
 B = Non-inter-level travel time spent in this place.
 C = Inter-level travel time spent in this place.
 D = Time resting spent in this place.
 E = Time spent auto-exploring this place.
 F = Levels seen in this place.
 G = Mean time per level.
                   A        B        C        D        E       F      G
               +--------+--------+--------+--------+--------+-----+--------+
         Total |  14426 |  13797 |    629 |   5238 |   5642 |  14 | 1030.4 |
       Dungeon |  14010 |  13423 |    587 |   5163 |   5453 |  11 | 1273.6 |
        Temple |    213 |    171 |     42 |      0 |    167 |   1 |  213.0 |
          Lair |     68 |     68 |      0 |     31 |      1 |   1 |   68.0 |
         Sewer |    134 |    134 |      0 |     44 |     21 |   1 |  134.0 |
               +--------+--------+--------+--------+--------+-----+--------+

Top non-repeatable levels by time:
    D:10: 1929 daAuts
     D:7: 1896 daAuts
    D:11: 1356 daAuts
     D:4: 1353 daAuts
     D:9: 1271 daAuts
     D:2: 1251 daAuts
     D:6: 1194 daAuts
     D:8: 1172 daAuts
     D:3: 990 daAuts
     D:5: 921 daAuts
     D:1: 674 daAuts
  Temple: 213 daAuts
   Sewer: 134 daAuts
  Lair:1: 68 daAuts
